 Dungeon Crawl Stone Soup version 0.26.1-11-gd32895ea62 (webtiles) character file.

Game seed: 15435564102623192745

116 Zeld the Chucker (level 4, 0/44 HPs)
             Began as a Troll Hunter on June 7, 2021.
             Slain by an adder (5 damage)
             ... on level 2 of the Dungeon.
             The game lasted 00:02:41 (2342 turns).

Zeld the Chucker (Troll Hunter)                     Turns: 2342, Time: 00:02:42

Health: 0/44       AC:  6    Str: 21    XL:     4   Next: 70%
Magic:  3/3        EV: 10    Int:  7    God:
Gold:   89         SH:  0    Dex: 10    Spells: 3/3 levels left

rFire    . . .     SeeInvis .   (no weapon)
rCold    . . .     Faith    .   (no shield)
rNeg     . . .     Spirit   .   b - +0 robe
rPois    .         Reflect  .   (helmet restricted)
rElec    .         Harm     .   (no cloak)
rCorr    .         Rampage  .   (gloves unavailable)
Will     .....                  (boots unavailable)
Stlth    +.........             (no amulet)
HPRegen  0.54/turn              (no ring)
MPRegen  0.08/turn              (no ring)

@: lethally poisoned (0 -> -1)
A: large, unfitting armour, claws 3, regeneration 1, shaggy fur 1, tough skin 3
a: no special abilities


You were on level 2 of the Dungeon.
You visited 1 branch of the dungeon, and saw 3 of its levels.

You collected 89 gold pieces.

Inventory:

Missiles
 c - 5 large rocks (quivered)
 d - 2 throwing nets
Armour
 b - a +0 robe (worn)
Jewellery
 k - a +6 ring of strength {unknown}
Wands
 m - a wand of flame (27)
Scrolls
 a - a scroll of teleportation {unknown}
 f - 2 scrolls of identify {unknown}
 g - a scroll of remove curse {unknown}
 j - a scroll of amnesia {unknown}
 l - a scroll of noise {unknown}
Potions
 e - a potion of heal wounds {unknown}
 h - a potion of ambrosia {unknown}
 i - a potion of magic {unknown}
 n - a potion of attraction {unknown}
 o - a potion of flight {unknown}
 p - a potion of mutation {unknown}
 q - a potion of degeneration {unknown}


   Skills:
 + Level 2.4 Fighting
 * Level 4.7 Throwing
 + Level 2.4 Dodging
 - Level 0.3 Stealth


You had 3 spell levels left.
You didn't know any spells.
Your spell library was empty.

Dungeon Overview and Level Annotations

Branches:
Dungeon (3/15)

Altars:
Elyvilon

Annotations:
D:3 Purgy


Innate Abilities, Weirdness & Mutations

You are too large for most types of armour.
You have claws for hands.
Your natural rate of healing is unusually fast.
You are covered in fur. (AC +1)
You have extremely tough skin. (AC +3)


Message History

You are too injured to fight recklessly!
You miss the adder.
You feel sick. The adder bites you.
* * * LOW HITPOINT WARNING * * *
You are more poisoned.
The adder poisons you!
You closely miss the adder.
You feel sick. The adder bites you.
* * * LOW HITPOINT WARNING * * *
You completely miss the adder.
You feel sick. The adder bites you.
* * * LOW HITPOINT WARNING * * *
The adder closely misses you.
You scratch the adder.
The adder is moderately wounded.
You feel sick. The adder bites you but does no damage.
You scratch the adder.
The adder is heavily wounded.
The adder bites you but does no damage.
You barely miss the adder.
The adder is heavily wounded.
You feel sick. The adder barely misses you. The adder bites you.
You die...

#.#.#..#........#
#.#.#..#..#####.#
#...............#
#.#.##.##########
##......# #######
#......## #.....#
#.##.#.# #.....###
#....#.# #.....##.
#.@).#.# #.....##.
#S...#.# #.....##.
#.#.##.######.###..
#.............#≈≈..
###.........###≈..♣
####.####.##.....
###### #.#
#.#...♣._ .....#
#.####.#......
####.#
####........#≈..♣


You could see an adder.

Vanquished Creatures
  Terence (D:2)
  4 gnolls
  2 oozes
  2 dart slugs (D:2)
  2 leopard geckos
  A giant cockroach (D:1)
  6 goblins
  4 hobgoblins
  A quokka (D:2)
  A ball python (D:1)
  7 bats
  5 frilled lizards
  3 kobolds
  2 rats (D:1)
41 creatures vanquished.

Notes
Turn   | Place    | Note
-------+----------+-------------------------------------------
     0 | D:1      | Zeld the Troll Hunter began the quest for the Orb.
     0 | D:1      | Reached XP level 1. HP: 19/19 MP: 0/0
   198 | D:1      | Reached XP level 2. HP: 16/28 MP: 1/1
   234 | D:1      | Reached skill level 4 in Throwing
   845 | D:2      | Found a white marble altar of Elyvilon.
   882 | D:2      | Reached XP level 3. HP: 35/35 MP: 2/2
  1154 | D:2      | Noticed Terence
  1164 | D:2      | Killed Terence
  1399 | D:2      | Reached XP level 4. HP: 36/42 MP: 3/3
  2311 | D:3      | Noticed Purgy
  2342 | D:2      | Slain by an adder

Illustrated notes

Levels and vault maps discovered:
D:1:      dpeg_arrival_three_smaller_balls, layout_loops_ring,
          minmay_hexomino_c4
D:2:      layout_loops_cross, elyvilon_altar_4, uniq_terence
D:3:      layout_loops_ring, dancing_weapons_uskayaw,
          gammafunk_temple_overflow_statue, serial_rivers,
          chequers_serial_rivers_micro_d, chequers_serial_rivers_room_b,
          chequers_serial_rivers_small_b, chequers_serial_rivers_micro_e,
          chequers_serial_rivers_micro_c, uniq_purgy

Skill      XL: |  1  2 |
---------------+-------+-----
Throwing       | 4 |  4.7
Fighting       | 2 |  2.4
Dodging        | 2 |  2.4
Stealth        | |  0.3

Action                   |  1- 3 |  4- 6 || total
-------------------------+-------+-------++-------
Melee: Unarmed           |   113 |    43 ||   156
 Stab: Sleeping          |     3 |       ||     3
Armor: Robe              |    49 |    38 ||    87
Dodge: Dodged            |    56 |    45 ||   101
